[Event "Team 45 45 League T48"]
[Site "Internet Chess Club"]
[Date "2011.02.24"]
[Round "3"]
[White "Despair"]
[Black "McKnights"]
[Result "0-1"]
[WhiteElo "1945"]
[BlackElo "1879"]
[Opening "Grob's attack"]
[ECO "A00"]
[Time "18:30:28"]
[TimeControl "2700+45"]

1. g4 d5 2. h3 Nc6 3. d3 Nf6 4. g5 Nd7 5. Bg2 e6 6. e4 d4 7. h4 e5 8. f3 Bd6 9.
Nd2 O-O 10. Nc4 Bb4+ 11. Bd2 Bxd2+ 12. Qxd2 Nb6 13. Na5 Nxa5 14. Qxa5 Qd6 15.
O-O-O c5 16. Ne2 Be6 17. Kb1 f5 18. exf5 Bxf5 19. Ng3 Nd5 20. Ne4 Bxe4 21. fxe4
Ne3 22. Rd2 Rf4 23. Qb5 b6 24. Qb3+ Kh8 25. a3 Raf8 26. Qb5 Rg4 27. Rh2 Qe6 28.
b3 Rgf4 29. Qa6 Qf7 30. Kb2 Rf2 31. Bh3 Nd1+ 32. Rxd1 Rxh2 33. Rf1 Rf2 34. Rxf2
Qxf2 35. Qxa7 Qxh4 36. Qe7 Qf4 37. Be6 Rb8 38. Qd6 Qf8 39. Qxe5 Re8 40. Qd5 Qe7
41. Bg4 Qe5 42. Qf7 Rd8 43. g6 Qf6 44. Qc7 Qd6 45. Qxd6 Rxd6 46. gxh7 Kxh7 47.
b4 cxb4 48. axb4 Rc6 49. e5 Rc7 50. e6 Kg6 51. Bf3 Kf6 52. Bg4 Kg5 53. Bf3 Kf5
54. Bd5 g5 55. Kc1 Kf4 56. Kd1 Ke3 57. Bc4 Re7 58. Bd5 Kf2 59. Kd2 Rc7 60. Be4
g4 61. Bd5 g3 62. c4 g2 63. Bxg2 Kxg2 {White resigns} 0-1

[Event "Team 45 45 League T48"]
[Site "Internet Chess Club"]
[Date "2011.02.27"]
[Round "3"]
[White "GUNSMOKE"]
[Black "ivanson"]
[Result "1/2-1/2"]
[WhiteElo "1736"]
[BlackElo "1828"]
[Opening "King's Indian defense, 3.Nc3"]
[ECO "E61"]
[Time "18:00:37"]
[TimeControl "2700+45"]

1. c4 Nf6 2. Nc3 g6 3. d4 Bg7 4. Nf3 O-O 5. Bf4 d6 6. e3 Nh5 7. Bg3 Nd7 8. Rb1
Nxg3 9. hxg3 e5 10. Be2 Re8 11. dxe5 dxe5 12. Ne4 Nf8 13. Qb3 c6 14. O-O Qe7 15.
Rfd1 Bf5 16. Bd3 Rad8 17. Rbc1 Bg4 18. Be2 c5 19. Nc3 e4 20. Nh2 Bxe2 21. Nxe2
Ne6 22. Nc3 Bxc3 23. Qxc3 Rxd1+ 24. Rxd1 Rd8 25. Rd5 Rxd5 26. cxd5 Nc7 27. Ng4
h5 28. Nf6+ Kf8 29. Nxh5 Ke8 30. Nf6+ Kd8 31. f4 exf3 32. gxf3 Qd6 33. f4 Nxd5
34. Ne4 Qe7 35. Qd3 Qd7 36. Nxc5 Qc6 37. Qd4 Kc8 38. e4 Ne7 39. Qh8+ Kc7 40.
Qe5+ Kd8 41. Qb8+ Nc8 42. Qe5 b6 43. Qd4+ Kc7 44. Nd3 Nd6 45. Qd5 Qc2 46. Kf1
Qd1+ 47. Ne1 Qg4 48. Kf2 f5 49. Qe5 fxe4 50. Qe7+ Kc6 51. Qe5 a5 52. a3 Qd1 53.
Qc3+ Kb7 54. Qc2 Qd4+ 55. Kg2 Nf5 56. Qe2 Qd5 57. Nc2 Nd4 58. Nxd4 Qxd4 59. g4
Kc6 60. Kg3 Kd5 61. Qb5+ Kd6 62. Qe8 Qe3+ 63. Kg2 Qf3+ 64. Kg1 Qxg4+ 65. Kh1
Qf3+ 66. Kg1 Qg3+ 67. Kh1 e3 68. Qe5+ Kc6 69. Qe6+ Kb5 70. Qd5+ Ka6 71. Qa8+ Kb5
72. Qd5+ Ka6 73. Qa8+ {Game drawn by mutual agreement} 1/2-1/2

[Event "Team 45 45 League T48"]
[Site "Internet Chess Club"]
[Date "2011.02.27"]
[Round "3"]
[White "MikeA"]
[Black "PandorasBox"]
[Result "1-0"]
[WhiteElo "2172"]
[BlackElo "1943"]
[Opening "French: Frere (Becker) variation"]
[ECO "C03"]
[Time "17:01:03"]
[TimeControl "2700+45"]

1. e4 e6 2. d4 d5 3. Nd2 dxe4 4. Nxe4 Qd5 5. Nc3 Bb4 6. Nf3 Nf6 7. Bd3 Nc6 8.
O-O Qh5 9. Bf4 Bxc3 10. bxc3 Nd5 11. Qd2 Bd7 12. Bg3 Rc8 13. Rab1 Nd8 14. Ne5
Bc6 15. Nxc6 bxc6 16. Rfe1 O-O 17. c4 Nb6 18. c5 Nd5 19. Be2 Qg6 20. c4 Nf6 21.
Bd3 Qh5 22. Re5 {Black resigns} 1-0

[Event "Team 45 45 League T48"]
[Site "Internet Chess Club"]
[Date "2011.02.26"]
[Round "3"]
[White "zachi"]
[Black "CaoCao"]
[Result "0-1"]
[WhiteElo "1947"]
[BlackElo "1902"]
[Opening "Ruy Lopez: Schliemann defense"]
[ECO "C63"]
[Time "21:30:37"]
[TimeControl "2700+45"]

1. e4 e5 2. Nf3 Nc6 3. Bb5 f5 4. d3 fxe4 5. dxe4 Nf6 6. O-O d6 7. Nc3 Be7 8. a3
O-O 9. Bc4+ Kh8 10. Ng5 Qe8 11. f4 h6 12. Nf3 exf4 13. Bxf4 Nxe4 14. Bxh6 Nxc3
15. Bxg7+ Kxg7 16. bxc3 Bg4 17. Bb5 Qh5 18. Bxc6 bxc6 19. Qd4+ Bf6 20. Qe4 Bxc3
21. Rab1 Bxf3 22. gxf3 Qg6+ 23. Qxg6+ Kxg6 24. Rb3 Bd4+ 25. Kg2 Rae8 26. f4 Re2+
27. Kh3 Rh8+ {White resigns} 0-1

[Event "Team 45 45 League T48"]
[Site "Internet Chess Club"]
[Date "2011.02.26"]
[Round "3"]
[White "frank001"]
[Black "alexdb"]
[Result "0-1"]
[WhiteElo "1628"]
[BlackElo "1927"]
[Opening "Queen's pawn game"]
[ECO "A45"]
[Time "23:10:09"]
[TimeControl "2700+45"]

1. d4 Nf6 2. e3 e6 3. Bd3 c5 4. c3 Nc6 5. Nd2 cxd4 6. exd4 d5 7. f4 g6 8. Ngf3
Bg7 9. O-O O-O 10. Ne5 Qc7 11. Qf3 Ne8 12. g4 Nd6 13. g5 f6 14. gxf6 Bxf6 15.
Qg4 Ne7 16. Rf3 Nef5 17. Rh3 Qg7 18. Ndf3 Nh6 19. Qg2 Nhf5 20. Ng5 Bxg5 21. Qxg5
Nf7 22. Qg2 N7d6 23. Bd2 b6 24. Re1 Bb7 25. Nf3 Ne4 26. Bxe4 dxe4 27. Ng5 e3 28.
Qe2 h6 29. Nxe6 Qf7 30. Nxf8 Qd5 {White resigns} 0-1

[Event "Team 45 45 League T48"]
[Site "Internet Chess Club"]
[Date "2011.03.01"]
[Round "3"]
[White "Holzschlange"]
[Black "sombragris35"]
[Result "1-0"]
[WhiteElo "1836"]
[BlackElo "1785"]
[Opening "English: Anglo-Dutch defense"]
[ECO "A10"]
[Time "16:00:54"]
[TimeControl "2700+45"]

1. c4 f5 2. Nc3 Nf6 3. g3 g6 4. Bg2 Bg7 5. e4 fxe4 6. Nxe4 O-O 7. d4 d6 8. Ne2
Nbd7 9. O-O e5 10. Bg5 Qe8 11. Qc2 Nxe4 12. Bxe4 exd4 13. Rfe1 Nc5 14. Bd5+ Kh8
15. Nxd4 Qd7 16. Ne6 Nxe6 17. Bxe6 Qc6 18. Bd5 Bf5 19. Qd2 Qb6 20. Re7 Rae8 21.
Rae1 Rxe7 22. Rxe7 c6 23. Bg2 Qxb2 24. Qxb2 Bxb2 25. Rxb7 Bd4 26. Be3 Bxe3 27.
fxe3 a5 28. Bxc6 Bd3 29. Bd5 Rf1+ 30. Kg2 Rc1 31. Rc7 Rc2+ 32. Kh3 Rxa2 33. c5
Bf1+ 34. Kg4 Ra4+ 35. Kg5 dxc5 36. Kh6 {Black resigns} 1-0

[Event "Team 45 45 League T48"]
[Site "Internet Chess Club"]
[Date "2011.02.25"]
[Round "3"]
[White "mitus"]
[Black "rubo"]
[Result "1-0"]
[WhiteElo "1798"]
[BlackElo "1699"]
[Opening "Caro-Kann: classical variation"]
[ECO "B18"]
[Time "15:02:15"]
[TimeControl "2700+45"]

1. e4 c6 2. d4 d5 3. Nc3 dxe4 4. Nxe4 Bf5 5. Ng3 Bg6 6. Nf3 Nd7 7. Bd3 Bxd3 8.
Qxd3 Qc7 9. Be3 e6 10. O-O-O Ngf6 11. Rhe1 Be7 12. Ne2 Ng4 13. h3 Nxe3 14. Qxe3
h6 15. Kb1 Nb6 16. Qb3 O-O-O 17. Ne5 Bf6 18. Ng4 Be7 19. c4 c5 20. d5 exd5 21.
cxd5 Kb8 22. Nc3 c4 23. Qc2 g6 24. Ne3 Bb4 25. a3 Ba5 26. Rd4 Qc5 27. Red1 f5
28. Na4 Nxa4 29. Qxa4 c3 30. b4 c2+ 31. Nxc2 Bxb4 32. Qxb4 Rc8 33. Qxc5 Rxc5 34.
R1d2 Kc8 35. Nb4 Kd7 36. Rc2 b6 37. Nd3 Rxc2 38. Kxc2 Rc8+ 39. Kd2 Kd6 40. Nf4
Ke5 41. Kd3 g5 42. Ne2 Kd6 43. g3 b5 44. f4 a6 45. fxg5 hxg5 46. h4 gxh4 47.
gxh4 Rh8 48. Nc3 Rh5 49. Ke3 Rh8 50. Ne2 Rc8 51. h5 Rh8 52. Nf4 a5 53. Rd3 Re8+
54. Kf3 b4 55. axb4 axb4 56. Rb3 Kc5 57. Nd3+ Kxd5 58. Rxb4 Rh8 59. Rb5+ Ke6 60.
Nf4+ Kf6 61. Rb6+ Kf7 62. Ke3 Re8+ 63. Kf3 Rh8 64. Kg3 Rg8+ 65. Rg6 Rxg6+ 66.
hxg6+ Kg7 67. Kf3 Kf6 68. Ke3 Kg7 69. Kd4 Kf6 70. Kd5 Kg7 71. Ke6 Kf8 72. Kxf5
Kg7 73. Kg5 Kg8 74. Kh6 Kh8 75. g7+ Kg8 76. Ne2 Kf7 77. Kh7 {Black resigns} 1-0

[Event "Team 45 45 League T48"]
[Site "Internet Chess Club"]
[Date "2011.03.01"]
[Round "3"]
[White "Portola"]
[Black "clarinetref"]
[Result "1-0"]
[WhiteElo "1784"]
[BlackElo "1630"]
[Opening "King's Indian: East Indian defense"]
[ECO "A48"]
[Time "19:06:30"]
[TimeControl "2700+45"]

1. d4 Nf6 2. Nf3 g6 3. h3 Bg7 4. Bf4 d6 5. e3 O-O 6. Bc4 d5 7. Bd3 b6 8. Nc3 c5
9. O-O Bb7 10. Re1 Nbd7 11. Bf1 cxd4 12. exd4 Ne4 13. Ne2 Re8 14. Be3 e5 15. c3
f5 16. dxe5 Nxe5 17. Nf4 Nxf3+ 18. gxf3 Nc5 19. Bg2 Qd7 20. Bxc5 bxc5 21. Nd3
Qd6 22. Qd2 d4 23. cxd4 Qxd4 24. Rad1 Rxe1+ 25. Qxe1 Rd8 26. Qe6+ Kh8 27. b3 Bc8
28. Qc6 Qd5 29. Qb5 a6 30. Qb6 Bb7 31. Re1 Qxd3 32. Qxb7 Qd2 33. Qe7 Qd4 34. Bf1
Bf6 35. Qe6 Bh4 36. Qe2 Qd2 37. Qe5+ Kg8 38. Bc4+ Kf8 39. Qh8# {Black
checkmated} 1-0

[Event "Team 45 45 League T48"]
[Site "Internet Chess Club"]
[Date "2011.02.24"]
[Round "3"]
[White "tryanything"]
[Black "g8wrb"]
[Result "1-0"]
[WhiteElo "1563"]
[BlackElo "1436"]
[Opening "Nimzo-Indian: 4.e3, main line with 8...Bxc3"]
[ECO "E58"]
[Time "16:00:22"]
[TimeControl "2700+45"]

1. d4 Nf6 2. c4 e6 3. Nc3 Bb4 4. Nf3 d5 5. a3 Bxc3+ 6. bxc3 c5 7. e3 O-O 8. Bd3
Nc6 9. O-O Ne4 10. Qc2 f5 11. cxd5 Qxd5 12. c4 Qd6 13. Bxe4 fxe4 14. Qxe4 cxd4
15. Rd1 e5 16. Qd5+ Qxd5 17. cxd5 e4 18. Nxd4 Nxd4 19. Rxd4 Bf5 20. Bb2 Rfd8 21.
h3 h6 22. d6 Rd7 23. Rad1 Rad8 24. a4 Kf7 25. Ba3 Rc8 26. Rc1 Rxc1+ 27. Bxc1 Ke8
28. g4 Bg6 29. Ba3 b6 30. Rc4 Kd8 31. Kg2 Bf7 32. Rd4 g5 33. Kg3 Bg6 34. Rd5 Bh7
35. Re5 Rg7 36. Re6 Bg6 37. Bb2 Rg8 38. Re7 Re8 39. Rxa7 h5 40. Bf6+ Kc8 41. d7+
{Black resigns} 1-0

[Event "Team 45 45 League T48"]
[Site "Internet Chess Club"]
[Date "2011.02.26"]
[Round "3"]
[White "AtomicDog"]
[Black "Aquaman"]
[Result "1-0"]
[WhiteElo "1407"]
[BlackElo "1345"]
[Opening "QP counter-gambit (elephant gambit)"]
[ECO "C40"]
[Time "15:00:32"]
[TimeControl "2700+45"]

1. e4 e5 2. Nf3 d5 3. exd5 e4 4. Ne5 Qxd5 5. d4 exd3 6. Nxd3 Nf6 7. Nc3 Bb4 8.
Bd2 Qe6+ 9. Be2 O-O 10. O-O Re8 11. Nxb4 c5 12. Nd3 b6 13. Re1 Qd7 14. Bf3 Bb7
15. Rxe8+ Nxe8 16. Bxb7 Qxb7 17. Qe2 Nd7 18. Re1 Nef6 19. Qd1 Rd8 20. Re7 Qc8
21. Qe2 h6 22. Nb5 Rf8 23. Nf4 Qb8 24. Nc3 Qd6 25. Nd3 g5 26. f4 Nh7 27. Re8
Ndf6 28. Rxf8+ Kxf8 29. Qe5 Qd8 30. fxg5 Nxg5 31. Bxg5 hxg5 32. Qxg5 Qd6 33.
Qh6+ Ke7 34. Qf4 Qe6 35. Qe5 Qxe5 36. Nxe5 Ke6 37. Nf3 Kf5 38. Kf1 a6 39. Ke2 b5
40. h3 c4 41. Nd4+ Kf4 42. Kf2 Nd7 43. b3 cxb3 44. cxb3 f5 45. g3+ Ke5 46. Ke3
b4 47. Nce2 Nb6 48. Nc6+ Kf6 49. Nxb4 a5 50. Nd3 a4 51. bxa4 Nxa4 52. Kf4 Nb6
53. Nc5 Nd5+ 54. Kf3 Ke5 55. a4 Kd6 56. Nb7+ Kc6 57. Nd8+ Kb6 58. Nd4 Ne7 59.
Kf4 Ka5 60. Nxf5 Nd5+ 61. Kg5 Kxa4 62. h4 Kb5 63. h5 Nc7 64. h6 Kc5 65. h7
{Black resigns} 1-0

[Event "Team 45 45 League T48"]
[Site "Internet Chess Club"]
[Date "2011.02.27"]
[Round "3"]
[White "vaknight"]
[Black "aphort0212"]
[Result "1-0"]
[WhiteElo "1736"]
[BlackElo "1614"]
[Opening "Bird's opening"]
[ECO "A03"]
[Time "13:00:29"]
[TimeControl "2700+45"]

1. f4 d5 2. b3 Nc6 3. Bb2 Bf5 4. Nf3 e6 5. e3 Nf6 6. Bb5 Bd6 7. O-O O-O 8. Bxc6
bxc6 9. Ne5 c5 10. d3 Bxe5 11. fxe5 Ng4 12. Qe2 Qg5 13. Bc1 Bg6 14. d4 cxd4 15.
exd4 Qh4 16. g3 Qh3 17. Nc3 Bxc2 18. Qxc2 Rab8 19. Qg2 Qh5 20. h3 Nh6 21. Ne2 f6
22. Nf4 Qe8 23. Ba3 Rf7 24. g4 fxe5 25. dxe5 Qc6 26. Rac1 Qb6+ 27. Bc5 Qa6 28.
Rc2 g5 29. Nh5 Qd3 30. Rxf7 Nxf7 31. Nf6+ Kh8 32. Rf2 Nxe5 33. Bxa7 Rb7 34. Bc5
Qc3 35. Ba3 Nd3 36. Qf3 Qe1+ 37. Rf1 Ne5 38. Qf2 Qc3 39. Ne8 Ng6 40. Bb2 {Black
resigns} 1-0

[Event "Team 45 45 League T48"]
[Site "Internet Chess Club"]
[Date "2011.03.06"]
[Round "3"]
[White "Chess2Play"]
[Black "rayonline53"]
[Result "0-1"]
[WhiteElo "1556"]
[BlackElo "1666"]
[Opening "Benkö gambit half accepted"]
[ECO "A57"]
[Time "16:01:27"]
[TimeControl "2700+45"]

1. d4 Nf6 2. c4 c5 3. d5 b5 4. cxb5 a6 5. e3 g6 6. Nc3 Bg7 7. a4 O-O 8. Ra3 d6
9. Nf3 Nbd7 10. bxa6 Bxa6 11. Bxa6 Rxa6 12. O-O Qa8 13. e4 Nb6 14. b3 Nfd7 15.
Nb5 Qb7 16. Qc2 Rfa8 17. Nd2 c4 18. Nxc4 Nxc4 19. Qxc4 Rc8 20. Qe2 Nc5 21. Re1
Qb6 22. Bb2 Bxb2 23. Qxb2 Nd3 24. Qe2 Nxe1 25. Qxe1 Rc2 26. Ra1 Ra8 27. Rc1 Rac8
28. Rxc2 Rxc2 29. g3 Qc5 30. Qe3 Rc1+ 31. Kg2 Qc2 32. a5 Ra1 33. Qb6 Qxe4+ 34.
Kh3 Qf5+ 35. Kg2 Qxd5+ 36. Kh3 Rg1 37. Qd8+ Kg7 38. Qxe7 Qh5+ 39. Qh4 Qxb5 40.
Qd4+ Kg8 41. f4 {White resigns} 0-1

[Event "Team 45 45 League T48"]
[Site "Internet Chess Club"]
[Date "2011.02.27"]
[Round "3"]
[White "Giacometti"]
[Black "drsigmund1"]
[Result "1-0"]
[WhiteElo "1725"]
[BlackElo "1456"]
[Opening "Bird's opening"]
[ECO "A03"]
[Time "08:00:24"]
[TimeControl "2700+45"]

1. f4 d5 2. Nf3 c5 3. g3 Nf6 4. Bg2 Bg4 5. O-O Nc6 6. d3 g6 7. c3 Bg7 8. Qc2 O-O
9. e4 e5 10. fxe5 Bxf3 11. exf6 Bxg2 12. fxg7 Bxf1 13. gxf8=Q+ Qxf8 14. Kxf1
dxe4 15. dxe4 Re8 16. Bf4 f5 17. exf5 gxf5 18. Nd2 Qe7 19. Nf3 Qf7 20. Qb3 Qxb3
21. axb3 Na5 {Black resigns} 1-0

[Event "Team 45 45 League T48"]
[Site "Internet Chess Club"]
[Date "2011.02.28"]
[Round "3"]
[White "sdcohle"]
[Black "oldprez"]
[Result "0-1"]
[WhiteElo "1390"]
[BlackElo "1385"]
[Opening "Pirc: classical system, 5.Be2"]
[ECO "B08"]
[Time "12:00:12"]
[TimeControl "2700+45"]

1. e4 d6 2. d4 Nf6 3. Nc3 g6 4. Nf3 Bg7 5. Be2 O-O 6. O-O Nbd7 7. h3 c5 8. Be3
cxd4 9. Bxd4 a6 10. Re1 Re8 11. Bc4 e5 12. Be3 Nc5 13. Ng5 Be6 14. Nxe6 Nxe6 15.
Qf3 Rc8 16. Bb3 Nd4 17. Bxd4 exd4 18. Nd5 Nxd5 19. Bxd5 Re7 20. Rac1 Bh6 21.
Rcd1 Rxc2 22. Rxd4 Bg7 23. Rd3 Rxb2 24. Qf4 Be5 25. Qe3 Qb6 26. Qf3 Bd4 27. Rf1
Rb1 28. Rxd4 Rxf1+ 29. Kxf1 Qxd4 30. Kg1 Kg7 31. g4 Qf6 32. Qg3 Rc7 33. Kg2 b5
34. Qe3 Rc3 35. Qe2 Qd4 36. g5 Qd3 37. Qg4 Rc1 38. Qf4 Qf1+ 39. Kg3 Rc3+ 40. f3
Qg1+ 41. Kh4 Qf2+ 42. Kg4 Qg2+ 43. Kh4 Rxf3 44. Qf6+ Rxf6 45. gxf6+ Kxf6 46. e5+
dxe5 47. Bxg2 Kf5 48. Kg3 f6 49. Kf2 h5 50. a3 Kf4 51. Bb7 a5 52. Bc6 b4 53.
axb4 axb4 54. Bd5 g5 55. Bb3 g4 56. hxg4 hxg4 57. Bd1 f5 58. Bc2 e4 59. Bd1 e3+
60. Kg2 g3 61. Kf1 Ke4 62. Ke2 f4 63. Bc2+ Kd4 64. Kf3 Kc3 65. Bf5 b3 66. Kxf4
e2 67. Kxg3 e1=Q+ 68. Kg4 b2 69. Kf3 Qf1+ 70. Kg4 Qxf5+ 71. Kxf5 b1=Q+ 72. Ke5
Qd1 73. Kf4 Kd3 74. Kf5 Qe1 75. Kf4 Qe4+ 76. Kg5 Kd4 77. Kf6 Qe5+ 78. Kf7 Kd5
79. Kg6 Ke6 80. Kh7 Kf6 81. Kg8 Qg3+ 82. Kf8 Qb8# {White checkmated} 0-1

[Event "Team 45 45 League T48"]
[Site "Internet Chess Club"]
[Date "2011.02.26"]
[Round "3"]
[White "Monsoon-Smith"]
[Black "egyptiantiger"]
[Result "0-1"]
[WhiteElo "1938"]
[BlackElo "2093"]
[Opening "King's Indian, 3.Nf3"]
[ECO "E60"]
[Time "10:17:54"]
[TimeControl "2700+45"]

1. d4 Nf6 2. c4 g6 3. Nf3 Bg7 4. g3 O-O 5. Bg2 d6 6. O-O c6 7. Nc3 a6 8. e4 b5
9. e5 dxe5 10. dxe5 Ng4 11. Qe2 Be6 12. cxb5 axb5 13. Rd1 Qc8 14. Bg5 Bc4 15.
Qe4 f6 16. h3 Nxf2 17. Kxf2 fxg5 18. g4 Nd7 19. Kg1 Qc7 20. Nxg5 Nxe5 21. b3
Qb6+ 22. Kh1 Bf7 23. Nxf7 Rxf7 24. Qb4 Raf8 25. a4 Qe3 26. axb5 Rf2 27. Ne4 Rxg2
28. Kxg2 Qf3+ 29. Kh2 Nxg4+ 30. hxg4 Be5+ 31. Kg1 Qxg4+ 32. Kh1 Qh3+ 33. Kg1
Qh2# {White checkmated} 0-1

[Event "Team 45 45 League T48"]
[Site "Internet Chess Club"]
[Date "2011.02.25"]
[Round "3"]
[White "Pason"]
[Black "Phosphorus"]
[Result "0-1"]
[WhiteElo "2053"]
[BlackElo "2136"]
[Opening "Queen's pawn"]
[ECO "A40"]
[Time "13:03:32"]
[TimeControl "2700+45"]

1. d4 e6 2. Nf3 f5 3. h3 Nf6 4. g4 d5 5. g5 Ne4 6. Bf4 c5 7. e3 Qb6 8. Nbd2 Nc6
9. Nb3 c4 10. Nbd2 Qxb2 11. Nxe4 fxe4 12. Nd2 Bb4 13. Be2 Qc3 14. f3 O-O 15.
fxe4 Nxd4 16. Rc1 e5 17. Bxe5 Qxe3 18. Rf1 Rxf1+ 19. Kxf1 Bxh3+ {White resigns}
0-1

[Event "Team 45 45 League T48"]
[Site "Internet Chess Club"]
[Date "2011.02.24"]
[Round "3"]
[White "Freitac"]
[Black "Alphalegacy"]
[Result "1-0"]
[WhiteElo "1994"]
[BlackElo "1979"]
[Opening "King's Indian: Sämisch, orthodox variation"]
[ECO "E85"]
[Time "17:49:51"]
[TimeControl "2700+45"]

1. d4 Nf6 2. c4 d6 3. Nc3 g6 4. e4 Bg7 5. f3 O-O 6. Be3 e5 7. Nge2 Nc6 8. d5 Ne7
9. Qd2 h5 10. h3 c6 11. g4 cxd5 12. cxd5 a6 13. Ng3 h4 14. Nge2 Nh7 15. f4 exf4
16. Nxf4 Ng5 17. O-O-O Qa5 18. Nxg6 Nxg6 19. Bxg5 b5 20. a3 Bd7 21. Ne2 Rfc8+
22. Kb1 Qb6 23. Be3 Qb7 24. Bd4 Ne5 25. Bxe5 Bxe5 26. Nd4 a5 27. Qg5+ Kf8 28.
Nf5 Bxf5 29. gxf5 Qb6 30. f6 Ra7 31. Qg7+ Ke8 32. Qg8+ Kd7 33. Qxf7+ Kd8 34.
Qf8+ {Black resigns} 1-0

[Event "Team 45 45 League T48"]
[Site "Internet Chess Club"]
[Date "2011.02.26"]
[Round "3"]
[White "musk6868"]
[Black "Uragon-bocho"]
[Result "0-1"]
[WhiteElo "1871"]
[BlackElo "1976"]
[Opening "Queen's pawn game"]
[ECO "E10"]
[Time "07:04:53"]
[TimeControl "2700+45"]

1. d4 Nf6 2. Nf3 e6 3. c4 d5 4. g3 b6 5. Bg2 Bb7 6. O-O dxc4 7. Qa4+ Nbd7 8. Nc3
a6 9. Qxc4 b5 10. Qd3 Be7 11. Bd2 O-O 12. e3 b4 13. Na4 Bc6 14. Qc2 Be4 15. Qc4
Bd5 16. Qc2 Rb8 17. a3 bxa3 18. b4 Bxb4 19. Bxb4 Rxb4 20. Rxa3 Qb8 21. Rc1 Be4
22. Qe2 Qb7 23. Nc3 Rb2 24. Qd1 Bc6 25. Nh4 Bxg2 26. Nxg2 Ra8 27. Nf4 Nb6 28.
Nd3 Nc4 29. Ra4 Nxe3 30. fxe3 Qg2# {White checkmated} 0-1

[Event "Team 45 45 League T48"]
[Site "Internet Chess Club"]
[Date "2011.02.27"]
[Round "3"]
[White "chiiwen"]
[Black "Geeloo"]
[Result "1-0"]
[WhiteElo "2190"]
[BlackElo "2088"]
[Opening "Ruy Lopez: Schliemann defense, Berger variation"]
[ECO "C63"]
[Time "12:00:25"]
[TimeControl "2700+45"]

1. e4 e5 2. Nf3 Nc6 3. Bb5 f5 4. Nc3 fxe4 5. Nxe4 d5 6. Nxe5 dxe4 7. Nxc6 Qg5 8.
Qe2 Nf6 9. f4 Qxf4 10. d4 Qh4+ 11. g3 Qh3 12. Ne5+ c6 13. Bc4 Be6 14. Bg5 O-O-O
15. O-O-O Bd6 16. Bxe6+ Qxe6 17. Qc4 Rde8 18. Qxe6+ Rxe6 19. Nc4 Bc7 20. Rdf1
Bd8 21. c3 h6 22. Bf4 Kd7 23. Kd1 Nd5 24. Bc1 Ke8 25. Ke2 Rf8 26. a3 Rxf1 27.
Rxf1 Bc7 28. Be3 a6 29. Nd2 Nf6 30. Bg1 Ke7 31. Nb3 b6 32. a4 a5 33. c4 Kd8 34.
Nd2 Ke7 35. Nb1 Kd7 36. Nc3 Rd6 37. b3 Re6 38. Rf5 g6 39. Rf1 Ke7 40. Nd1 b5 41.
axb5 cxb5 42. d5 Ra6 43. Bc5+ Bd6 44. cxb5 Bxc5 45. bxa6 Nxd5 46. Nb2 Nc7 47.
Ra1 Bd4 48. Rxa5 Bxb2 49. a7 Na8 50. Rb5 Bd4 51. Rb8 Nc7 52. a8=Q Nxa8 53. Rxa8
Bg1 54. h3 Bh2 55. Kf2 e3+ 56. Kg2 e2 57. Ra1 {Black resigns} 1-0

[Event "Team 45 45 League T48"]
[Site "Internet Chess Club"]
[Date "2011.03.05"]
[Round "3"]
[White "bogolijubov"]
[Black "AronT"]
[Result "0-1"]
[WhiteElo "1829"]
[BlackElo "2094"]
[Opening "French: advance, Milner-Barry gambit"]
[ECO "C02"]
[Time "06:55:48"]
[TimeControl "2700+45"]

1. e4 e6 2. d4 d5 3. e5 c5 4. c3 Nc6 5. Nf3 Qb6 6. Bd3 cxd4 7. cxd4 Bd7 8. Qe2
Nxd4 9. Nxd4 Qxd4 10. Nc3 a6 11. O-O Ne7 12. Rd1 Nc6 13. Bxa6 Qxe5 14. Qxe5 Nxe5
15. Bxb7 Ra7 16. Bf4 Ng6 {White resigns} 0-1

[Event "Team 45 45 League T48"]
[Site "Internet Chess Club"]
[Date "2011.02.28"]
[Round "3"]
[White "Atlantis"]
[Black "tsia68"]
[Result "0-1"]
[WhiteElo "1844"]
[BlackElo "1952"]
[Opening "King's Indian: fianchetto, classical variation, 8.e4"]
[ECO "E68"]
[Time "16:12:31"]
[TimeControl "2700+45"]

1. d4 Nf6 2. c4 g6 3. g3 Bg7 4. Bg2 O-O 5. Nf3 d6 6. O-O Nbd7 7. Nc3 e5 8. e4
exd4 9. Nxd4 Nc5 10. f3 a5 11. Be3 c6 12. Qd2 Re8 13. Rfe1 a4 14. b4 axb3 15.
Nxb3 Be6 16. Bf1 Nfd7 17. Bd4 Ne5 18. Qe3 Nxb3 19. axb3 Rxa1 20. Rxa1 Nxf3+ 21.
Qxf3 Bxd4+ 22. Kh1 Qb6 23. Na4 Qb4 24. Rb1 b5 25. Qd3 Be5 26. cxb5 cxb5 27. Qxb5
Qxe4+ 28. Kg1 Bd4# {White checkmated} 0-1

[Event "Team 45 45 League T48"]
[Site "Internet Chess Club"]
[Date "2011.02.27"]
[Round "3"]
[White "CapitanTrueno"]
[Black "Ben777"]
[Result "0-1"]
[WhiteElo "1750"]
[BlackElo "1778"]
[Opening "Sicilian: Alapin's variation (2.c3)"]
[ECO "B22"]
[Time "17:00:08"]
[TimeControl "2700+45"]

1. e4 c5 2. c3 g6 3. d4 cxd4 4. cxd4 d5 5. exd5 Nf6 6. Nc3 Nxd5 7. Bc4 Nb6 8.
Bb3 Bg7 9. Be3 O-O 10. h3 e6 11. Nf3 Nc6 12. O-O Na5 13. Bc2 Nac4 14. Bc1 Bd7
15. b3 Nd6 16. Ba3 Bc6 17. Ne5 Qc7 18. Nxc6 Qxc6 19. Ne2 Rfd8 20. Rc1 Qd7 21.
Bb2 Nb5 22. Be4 Rab8 23. Rc2 Nxd4 24. Nxd4 Bxd4 25. Bxd4 Qxd4 26. Qxd4 Rxd4 27.
Bf3 Nd5 28. Bxd5 Rxd5 29. Rfc1 Rbd8 30. Kf1 Rd2 31. Ke1 Rxc2 32. Rxc2 Rd7 33.
Ke2 Kg7 34. h4 Kf6 35. Ke3 e5 36. g3 Kf5 37. Rc5 b6 38. Rc6 f6 39. f3 h5 40. Rc8
Rd5 41. Rg8 Ra5 42. a4 Rc5 43. Kd3 b5 44. axb5 Rxb5 45. Kc4 Rb7 46. b4 Rc7+ 47.
Kd3 Rd7+ 48. Kc3 g5 49. hxg5 fxg5 50. Rh8 Kg6 51. Rg8+ Rg7 52. Re8 Kf5 53. Rh8
e4 54. fxe4+ Kxe4 55. Rxh5 Kf3 56. b5 Kxg3 57. Kb4 g4 58. Ka5 Kf2 59. Ka6 g3 60.
Rc5 g2 61. Rc2+ Kg3 62. Rc1 Kh2 63. Rc2 Kh1 64. Rxg2 Kxg2 {White resigns} 0-1

[Event "Team 45 45 League T48"]
[Site "Internet Chess Club"]
[Date "2011.02.26"]
[Round "3"]
[White "trickey1872"]
[Black "houseofcook"]
[Result "1-0"]
[WhiteElo "1614"]
[BlackElo "1378"]
[Opening "English: Mikenas-Carls, Flohr variation"]
[ECO "A18"]
[Time "09:00:31"]
[TimeControl "2700+45"]

1. c4 Nf6 2. Nc3 e6 3. e4 d5 4. e5 d4 5. exf6 dxc3 6. bxc3 Qxf6 7. Nf3 c5 8. Bd3
Bd6 9. Be4 Nd7 10. d4 Qe7 11. O-O Rb8 12. Re1 O-O 13. Bg5 f6 14. Bc1 Nb6 15. Bd3
Qc7 16. Qc2 f5 17. a4 Bd7 18. a5 Nc8 19. Ne5 Ne7 20. Nxd7 Qxd7 21. Qe2 Rf6 22.
Bg5 Rg6 23. Bxe7 Qxe7 24. Bxf5 Rh6 25. Bxe6+ Kh8 26. g3 Rf8 27. Bd5 Qf6 28. Qe3
Qf5 29. f4 Rg6 30. Be4 Bxf4 31. Bxf5 Rxg3+ 32. Qxg3 Bxg3 33. hxg3 {Black
resigns} 1-0

[Event "Team 45 45 League T48"]
[Site "Internet Chess Club"]
[Date "2011.02.26"]
[Round "3"]
[White "one-over"]
[Black "RickLR"]
[Result "1/2-1/2"]
[WhiteElo "1357"]
[BlackElo "1290"]
[Opening "Scotch game"]
[ECO "C45"]
[Time "09:30:30"]
[TimeControl "2700+45"]

1. e4 e5 2. Nf3 Nc6 3. d4 exd4 4. Nxd4 Nxd4 5. Qxd4 d6 6. Be2 Be6 7. Bf3 c5 8.
Qd3 Qc7 9. O-O Ne7 10. Nc3 g6 11. Nd5 Bxd5 12. exd5 Bg7 13. Re1 O-O-O 14. Bg4+
Kb8 15. c4 Rhe8 16. Rb1 Ng8 17. Rxe8 Rxe8 18. Be3 Nf6 19. Bf3 Nd7 20. Bf4 Be5
21. Bg3 Bxg3 22. hxg3 Qa5 23. a3 Re1+ 24. Rxe1 Qxe1+ 25. Qf1 Qxf1+ 26. Kxf1 Ne5
27. Be2 Kc7 28. f4 Nd7 29. Kf2 Nf6 30. Bf3 Kd7 31. g4 Ke7 32. g5 Nd7 33. Ke3 f6
34. Bg4 Nb6 35. b3 fxg5 36. fxg5 Nd7 37. Bxd7 Kxd7 38. g4 Kc7 39. Kd3 b6 40. Kc3
Kb7 41. b4 Ka6 42. b5+ Kb7 43. a4 Kc7 44. Kb2 Kd7 45. Kc3 Ke7 46. Kd3 Kf7 47.
Ke4 Ke7 48. Ke3 Kd7 49. Kd3 Ke7 50. Ke3 {Game drawn by mutual agreement} 1/2-1/2